 Dungeon Sprint DCSS version 0.21.1-1-g345015f (webtiles) character file.

3200000 Fang the Axe Maniac (level 21, -102/224 HPs)
             Began as a Minotaur Gladiator on May 8, 2018.
             Was the Champion of Makhleb.
             Annihilated by a destroyer
             ... wielding a +9 great sword of slicing
              (164 damage)
             ... in the Dungeon (Sprint VIII: "Arena of Blood").
             The game lasted 00:00:41 (32 turns).

Fang the Axe Maniac (Minotaur Gladiator)              Turns: 32, Time: 00:00:42

Health: -102/224   AC:  6    Str: 27    XL:     21   Next: 25%
Magic:  18/45      EV: 31    Int:  5    God:    Makhleb [******]
Gold:   0          SH:  0    Dex: 14    Spells: 62/62 levels left

rFire    . . .     SeeInvis .   l - +∞ Axe of Woe
rCold    . . .     Gourm    .   (shield currently unavailable)
rNeg     . . .     Faith    .   b - +0 leather armour
rPois    .         Spirit   .   c - +0 hat
rElec    .         Reflect  .   (no cloak)
rCorr    .         Harm     .   (no gloves)
MR       +....     NoTele   +   (no boots)
Stlth    +++++++++.             (no amulet)
HPRegen  0.47/turn              (no ring)
MPRegen  0.29/turn              (no ring)

@: no status effects
A: retaliatory headbutt, horns 2
a: Minor Destruction, Lesser Servant of Makhleb, Major Destruction, Greater
Servant of Makhleb, Renounce Religion


You were in the Dungeon.
You worshipped Makhleb.
Makhleb was exalted by your worship.
You were not hungry.

You visited 1 branch

Inventory:

Hand Weapons
 a - a +0 war axe
 l - the +∞ Axe of Woe (weapon)
   (You found it in the Dungeon)
Missiles
 d - 3 throwing nets (quivered)
Armour
 b - a +0 leather armour (worn)
 c - a +0 hat (worn)
Scrolls
 k - a scroll of blinking
Potions
 e - a potion of curing
 g - a potion of heal wounds
 h - a potion of haste
 i - 2 potions of magic
 j - a potion of berserk rage
Comestibles
 f - a ration


   Skills:
 O Level 27 Fighting
 O Level 27 Axes
 O Level 27 Throwing
 O Level 27 Armour
 O Level 27 Dodging
 + Level 25.8 Stealth
 O Level 27 Unarmed Combat
 + Level 21.0 Spellcasting
 O Level 27 Invocations


You had 62 spell levels left.
You didn't know any spells.

Dungeon Overview and Level Annotations

Branches:
Dungeon (1/1)

Altars:
Makhleb


Innate Abilities, Weirdness & Mutations

You reflexively headbutt those who attack you in melee.
You have a pair of horns on your head.


Message History

You hear a shout! x3
The bag of meat hits you with a +9 war axe.
The destroyer blinks!
You hear a shout!
The destroyer appears out of thin air!
A destroyer comes into view.
It is wielding a +9 great sword of slicing.
The large bag of meat moves out of view.
Items here: )))) ==== † You are engulfed in blazing flames.
You hear a shout! x5
The bag of meat is engulfed in blazing flames.
The bag of meat completely misses you. You furiously retaliate!
You headbutt the bag of meat.
The large bag of meat hits you with a +9 giant spiked club!!!
The large bag of meat hits you with a +9 giant spiked club!!
* * * LOW HITPOINT WARNING * * *
The destroyer is engulfed in blazing flames.
The destroyer hits you with a +9 great sword of slicing!!!!!
Ouch! That really hurt!
You die...

........###......
#.o......_......
......#..)..#
......#_.<._# .
.....O#))...#..
#...o.).._......
........###......
...###.O..V..###.
.. #§@)....#
#ooV....#
.......o§......
...............
...............
..............#
....#........#.
.............#
V..##.#.......


You could see 2 destroyers, a large bag of meat (inner flame), a meat berserker
(berserk) and 5 bags of meat.

Vanquished Creatures
  5 ogres (D)
  A two-headed ogre (D)
  21 orcs (D)
27 creatures vanquished.

Notes
Turn   | Place    | Note
-------+----------+-------------------------------------------
     0 | D        | Found the +∞ Axe of Woe
     0 | D        | Fang the Minotaur Gladiator began the quest for the Orb.
     0 | D        | Reached XP level 1. HP: 18/18 MP: 0/0
     4 | D        | Became a worshipper of Makhleb the Destroyer
     6 | D        | Noticed a bag of meat
     7 | D        | Noticed a bag of meat
     7 | D        | Noticed a bag of meat
     8 | D        | Noticed a bag of meat
     9 | D        | Noticed a bag of meat
    10 | D        | Noticed a bag of meat
    11 | D        | Noticed a bag of meat
    12 | D        | Killed a bag of meat
    12 | D        | Reached skill level 10 in Throwing
    12 | D        | Reached XP level 2. HP: 41/41 MP: 1/1
    12 | D        | Reached XP level 3. HP: 48/48 MP: 2/2
    12 | D        | Reached XP level 4. HP: 56/56 MP: 3/3
    12 | D        | Reached XP level 5. HP: 62/62 MP: 4/4
    12 | D        | Reached XP level 6. HP: 70/70 MP: 5/5
    12 | D        | Reached XP level 7. HP: 77/77 MP: 6/6
    12 | D        | Reached XP level 8. HP: 83/83 MP: 7/7
    12 | D        | Reached XP level 9. HP: 90/90 MP: 8/8
    12 | D        | Reached XP level 10. HP: 97/97 MP: 9/9
    12 | D        | Reached XP level 11. HP: 104/104 MP: 10/10
    13 | D        | Noticed a bag of meat
    13 | D        | Noticed a meat berserker
    13 | D        | Killed a bag of meat
    13 | D        | Reached * piety under Makhleb
    13 | D        | Reached XP level 12. HP: 78/116 MP: 11/11
    13 | D        | Killed a bag of meat
    13 | D        | Reached skill level 15 in Fighting
    13 | D        | Reached XP level 13. HP: 85/126 MP: 12/12
    14 | D        | Killed a bag of meat
    14 | D        | Reached skill level 1 in Armour
    14 | D        | Reached XP level 14. HP: 93/137 MP: 13/13
    15 | D        | Killed a bag of meat
    15 | D        | Reached ** piety under Makhleb
    15 | D        | Reached skill level 27 in Axes
    16 | D        | Killed a bag of meat
    16 | D        | Reached skill level 27 in Dodging
    16 | D        | Reached XP level 15. HP: 141/155 MP: 14/14
    18 | D        | Killed a meat berserker
    19 | D        | Reached *** piety under Makhleb
    19 | D        | Reached XP level 16. HP: 182/182 MP: 15/15
    20 | D        | Reached skill level 27 in Fighting
    21 | D        | Noticed a large bag of meat
    21 | D        | Noticed a large bag of meat
    21 | D        | Noticed a meat berserker
    21 | D        | Noticed a meat berserker
    22 | D        | Noticed a meat berserker
    22 | D        | Noticed a meat berserker
    22 | D        | Reached skill level 10 in Armour
    25 | D        | Killed a meat berserker
    25 | D        | Reached **** piety under Makhleb
    25 | D        | Reached skill level 27 in Throwing
    25 | D        | Reached XP level 17. HP: 191/191 MP: 16/16
    25 | D        | Killed a meat berserker
    25 | D        | Reached skill level 27 in Armour
    25 | D        | Reached XP level 18. HP: 200/200 MP: 17/17
    26 | D        | Noticed a destroyer
    27 | D        | Killed a large bag of meat
    27 | D        | Reached skill level 15 in Unarmed Combat
    27 | D        | Reached skill level 10 in Spellcasting
    27 | D        | Reached ***** piety under Makhleb
    27 | D        | Reached skill level 15 in Invocations
    27 | D        | Killed a meat berserker
    27 | D        | Reached XP level 19. HP: 151/207 MP: 17/35
    28 | D        | Reached skill level 15 in Spellcasting
    29 | D        | Reached ****** piety under Makhleb
    29 | D        | Reached XP level 20. HP: 210/216 MP: 17/39
    29 | D        | Killed a meat berserker
    30 | D        | Noticed a destroyer
    30 | D        | Reached skill level 27 in Unarmed Combat
    30 | D        | Reached XP level 21. HP: 224/224 MP: 17/44
    30 | D        | Reached skill level 27 in Invocations
    31 | D        | Noticed a large bag of meat
    32 | D        | Noticed a destroyer
    32 | D        | Annihilated by a destroyer

Skill      XL: |  1  2  3  4  5  6  7  8  9 10 11 12 13 14 15 16 17 18 19 20 21 |
---------------+----------------------------------------------------------------+-----
Fighting       | 12 13 15 16 19 26 27 | 27.0
Axes           | 20 23 25 26 27 | 27.0
Throwing       | 10 11 12 13 16 21 27 | 27.0
Dodging        | 19 21 23 24 27 | 27.0
Armour         | 1 3 7 22 27 | 27.0
Stealth        | 16 20 24 25 | 25.8
Unarmed Combat | 19 23 27 | 27.0
Spellcasting   | 13 16 20 21 | 21.0
Invocations    | 17 22 26 27 | 27.0

Action                   |  1- 3 |  4- 6 |  7- 9 | 10-12 | 13-15 | 16-18 | 19-21 || total
-------------------------+-------+-------+-------+-------+-------+-------+-------++-------
Melee: Executioner's axe |     1 |       |       |     1 |     5 |     4 |     3 ||    14
Dodge: Dodged            |       |       |       |       |       |       |     1 ||     1
